 Dungeon Sprint DCSS version 0.21-a0-278-ga722497 (webtiles) character file.

28058 potatolord6000 the Severer (level 13, 0/134 HPs)
             Began as a Hill Orc Fighter on Sept 21, 2017.
             Was the Champion of Beogh.
             Killed from afar by a lindwurm (36 damage)
             ... with a blast of flame
             ... in the Dungeon (Sprint VII: "The Pits").
             The game lasted 00:14:54 (2810 turns).

potatolord6000 the Severer (Hill Orc Fighter)       Turns: 2810, Time: 00:14:55

Health: 0/134      AC: 31    Str: 27    XL:     13   Next: 36%
Magic:  24/26      EV: 11    Int:  8    God:    Beogh [******]
Gold:   21         SH: 20    Dex: 10    Spells: 12/12 levels left

rFire    . . .     SeeInvis .   w - +8 war axe (chop)
rCold    . . .     Gourm    .   c - +5 shield
rNeg     . . .     Faith    .   k - +5 plate armour
rPois    .         Spirit   .   g - +1 helmet
rElec    .         Reflect  .   h - +2 cloak {MR+}
rCorr    .         Harm     .   b - +1 pair of gloves
MR       +....     NoTele   +   (no boots)
Stlth    ..........             (no amulet)
HPRegen  0.32/turn              t - +3 ring of strength
MPRegen  0.20/turn              u - +3 ring of evasion

@: lethally poisoned (0 -> -1)
A: walk on water
a: Smiting, Recall Orcish Followers, Give Item to Named Follower, Resurrection,
Renounce Religion


You were in the Dungeon.
You worshipped Beogh.
Beogh was exalted by your worship.
You were very full.

You visited 1 branch You collected 21 gold pieces.

Inventory:

Hand Weapons
 w - a +8 war axe of chopping (weapon)
Armour
 b - a +1 pair of gloves (worn)
 c - a +5 shield (worn)
 g - a +1 helmet (worn)
 h - a +2 cloak of magic resistance (worn)
 k - a +5 plate armour (worn)
Jewellery
 t - a +3 ring of strength (left hand)
 u - a +3 ring of evasion (right hand)
Scrolls
 m - 3 scrolls of remove curse
 n - 5 scrolls of amnesia
 o - a scroll of summoning
 s - 2 scrolls of identify
 z - 3 scrolls of fear
Potions
 d - a potion of might
 e - 2 potions of curing
 i - 3 potions of magic
 j - 9 potions of berserk rage
 l - 2 potions of invisibility
 v - 2 potions of brilliance
Comestibles
 f - 8 bread rations
 p - 40 fruits
 q - 4 meat rations


   Skills:
 + Level 18.0 Fighting
 + Level 19.3 Axes
 + Level 16.7 Armour
 + Level 16.9 Shields
 + Level 19.0 Invocations


You had 12 spell levels left.
You didn't know any spells.

Dungeon Overview and Level Annotations

Branches:
Dungeon (1/1)

Altars:
Ashenzari
Cheibriados
Dithmenos
Elyvilon
Fedhas
Gozag
Hepliaklqana
Kikubaaqudgha
Makhleb
Nemelex Xobeh
Okawaru
Qazlal
Ru
Sif Muna
Trog
Uskayaw
Vehumet
Wu Jian
Xom
Yredelemnul
Zin
The Shining One
Beogh
Jiyva
Lugonu


Message History

Your orc warlord goes into a battle-frenzy!
You block the lindwurm's attack. The lindwurm closely misses you.
You block the lindwurm's attack.
Unknown command.
You hit the lindwurm.
The lindwurm is heavily wounded.
The lindwurm bites you!
* * * LOW HITPOINT WARNING * * *
You block the lindwurm's attack.
The lindwurm claws you but does no damage.
Unknown command.
You hit the lindwurm but do no damage.
The lindwurm is heavily wounded.
You feel sick.
Unknown command.
You closely miss the lindwurm.
The lindwurm is heavily wounded.
The lindwurm breathes flames at you. The blast of flame hits you!
You die...

,,,****,,**,,****,,,,,,,,****,,*#
,,,<<<**,,****,,,,,,**,,,,,,****#
,,,<<<<**,,+,,,,,,,,,,,,,,,,,,,++
,,<<<<<<*,,+,,,,,,,,,,,,,,,,,,,++
+*******************************#
+*********#######################
,*,,,,,,,*#....................''
,+,,,,,,,*#....ooo.............''
,*,,,,,,,*#..###@############..##
,*,,,,,,,*#..##)#k#,*,*,*,*,#..##
,*,,,,,,,*#..#.#,#s#,*,*,*,*#..##
,*,,,,,,,*#..##,*K#V#,*,*,*,#..##
,*,,,,,,,*#..#,*,*,#Z#,*,*,*#..#*
,*,,,,,,,*#..#*,*,*,#?#,*,*,#..#*
**********#..################..##
###########....................##
________.##....................##


You could see an emperor scorpion, a lindwurm, a vampire, an adder skeleton, a
friendly orc warlord, a friendly orc knight and the friendly Urug.

Vanquished Creatures
  A daeva (D)
  A hydra (D)
  An anaconda (D)
  2 vault guards (D)
  A naga warrior (D)
  A centaur warrior (D)
  A hell beast (D)
  A death yak (D)
  A deep elf knight (D)
  A sea snake (D)
  A flayed ghost (D)
  A necromancer (D)
  A lindwurm (D)
  2 deep elf magi (D)
  2 cyclopes (D)
  A wolf spider (D)
  Maurice (D)
  Joseph (D)
  A black mamba (D)
  A molten gargoyle (D)
  A spiny frog (D)
  A rime drake (D)
  3 ice devils (D)
  2 red devils (D)
  A jumping spider (D)
  A tyrant leech (D)
  2 wind drakes (D)
  A bog body (D)
  A spriggan (D)
  A redback (D)
  A hungry ghost (D)
  A wraith (D)
  A fire bat (D)
  A steam dragon (D)
  2 acid dragons (D)
  A chaos spawn (D)
  A water moccasin (D)
  2 small abominations (D)
  A porcupine (D)
  A floating eye (D)
  A phantom (D)
  A sky beast (D)
  A centaur (D)
  A big kobold (D)
  A crocodile (D)
  A crimson imp (D)
  3 hounds (D)
  2 gnoll shamans (D)
  An iron imp (D)
  Crazy Yiuf (D)
  Ijyb (D)
  2 hell rats (D)
  6 gnolls (D)
  An adder (D)
  2 river rats (D)
  An adder zombie (D)
  A ball python (D)
  2 bats (D)
  A bat skeleton (D)
  A bat zombie (D)
  A hobgoblin (D)
  3 kobolds (D)
  A bat simulacrum (D)
  2 jackal skeletons (D)
  A rat (D)
88 creatures vanquished.

Vanquished Creatures (collateral kills)
  2 deep elf blademasters (D)
  A death cob (D)
  An orc warlord (D)
  A spriggan defender (D)
  A deep elf death mage (D)
  A yaktaur captain (D)
  3 naga warriors (D)
  An anaconda (D)
  A two-headed ogre (D)
  A catoblepas (D)
  A wizard (D)
  A deep troll (D)
  3 orc knights (D)
  A black mamba (D)
  A jumping spider (D)
  A red devil (D)
  A wandering mushroom (D)
  A spriggan (D)
  A fire elemental (D)
  An eye of draining (D)
  An earth elemental (D)
  A bat skeleton (D)
  A bat simulacrum (D)
28 creatures vanquished.

Vanquished Creatures (others)
  2 orc warlords (D)
  6 orc knights (D)
  An orc warrior (D)
  A tyrant leech (D)
  A chaos spawn (D)
  2 orc wizards (D)
  An orc (D)
14 creatures vanquished.

Grand Total: 130 creatures vanquished

Notes
Turn   | Place    | Note
-------+----------+-------------------------------------------
     0 | D        | potatolord6000 the Hill Orc Fighter began the quest for the Orb.
     0 | D        | Reached XP level 1. HP: 19/19 MP: 1/1
    16 | D        | Reached XP level 2. HP: 19/28 MP: 2/2
    44 | D        | Found a bloodstained altar of Trog.
    44 | D        | Found a deep blue altar of Sif Muna.
    44 | D        | Found a viscous altar of Jiyva.
    44 | D        | Found a hazy altar of Hepliaklqana.
    44 | D        | Found an opulent altar of Gozag.
    45 | D        | Found a glowing golden altar of the Shining One.
    45 | D        | Found a glowing silver altar of Zin.
    45 | D        | Found a basalt altar of Yredelemnul.
    45 | D        | Found a shimmering altar of Xom.
    45 | D        | Found an ornate altar of the Wu Jian Council.
    45 | D        | Found a sacrificial altar of Ru.
    45 | D        | Found a stormy altar of Qazlal.
    45 | D        | Found an iron altar of Okawaru.
    45 | D        | Found a sparkling altar of Nemelex Xobeh.
    45 | D        | Found a burning altar of Makhleb.
    45 | D        | Found a blossoming altar of Fedhas.
    45 | D        | Found a white marble altar of Elyvilon.
    45 | D        | Found a shadowy altar of Dithmenos.
    45 | D        | Found a snail-covered altar of Cheibriados.
    47 | D        | Found a radiant altar of Vehumet.
    47 | D        | Found a corrupted altar of Lugonu.
    47 | D        | Found a roughly hewn altar of Beogh.
    49 | D        | Found an ancient bone altar of Kikubaaqudgha.
    49 | D        | Found a hide-covered altar of Uskayaw.
    49 | D        | Found a shattered altar of Ashenzari.
    59 | D        | Became a worshipper of Beogh the Brigand
   121 | D        | Reached skill level 1 in Invocations
   130 | D        | Reached * piety under Beogh
   130 | D        | Reached skill level 5 in Fighting
   130 | D        | Reached XP level 3. HP: 33/36 MP: 2/4
   178 | D        | Reached ** piety under Beogh
   200 | D        | Reached skill level 5 in Axes
   200 | D        | Reached skill level 5 in Armour
   200 | D        | Reached skill level 5 in Shields
   200 | D        | Reached XP level 4. HP: 38/42 MP: 4/6
   268 | D        | Noticed a deep elf mage
   268 | D        | Noticed Ijyb
   277 | D        | Noticed Crazy Yiuf
   278 | D        | Noticed a sky beast
   286 | D        | Noticed a fire elemental
   286 | D        | Noticed a fire elemental
   287 | D        | Killed Ijyb
   287 | D        | Reached *** piety under Beogh
   292 | D        | Noticed a fire elemental
   293 | D        | Noticed a fire elemental
   296 | D        | Killed a deep elf mage
   296 | D        | Reached XP level 5. HP: 53/53 MP: 4/10
   296 | D        | Reached XP level 6. HP: 61/61 MP: 4/11
   297 | D        | Killed Crazy Yiuf
   305 | D        | Killed a sky beast
   305 | D        | Reached XP level 7. HP: 48/69 MP: 2/13
   405 | D        | Reached **** piety under Beogh
   408 | D        | Noticed a rime drake
   411 | D        | Killed a rime drake
   411 | D        | Reached skill level 10 in Axes
   476 | D        | Noticed a deep elf mage
   489 | D        | Killed a deep elf mage
   489 | D        | Reached skill level 10 in Fighting
   489 | D        | Reached skill level 10 in Invocations
   489 | D        | Reached XP level 8. HP: 59/80 MP: 10/15
   628 | D        | Noticed a jumping spider
   630 | D        | Killed a jumping spider
   630 | D        | Reached skill level 10 in Armour
   630 | D        | Reached skill level 10 in Shields
   757 | D        | Reached ***** piety under Beogh
   807 | D        | Noticed a death yak
   807 | D        | Noticed a redback
   810 | D        | Paralysed by a floating eye for 3 turns
   813 | D        | Reached XP level 9. HP: 78/89 MP: 17/17
   826 | D        | Killed a death yak
  1016 | D        | Noticed a spiny frog
  1020 | D        | Killed a spiny frog
  1093 | D        | Noticed a molten gargoyle
  1098 | D        | Reached ****** piety under Beogh
  1101 | D        | Killed a molten gargoyle
  1101 | D        | Reached XP level 10. HP: 90/100 MP: 19/19
  1257 | D        | Noticed Urug
  1257 | D        | Noticed a black mamba
  1257 | D        | Noticed Joseph
  1260 | D        | Killed Joseph
  1265 | D        | Killed a black mamba
  1333 | D        | Noticed Maurice
  1333 | D        | Noticed a sea snake
  1339 | D        | Killed Maurice
  1341 | D        | Noticed a lindwurm
  1341 | D        | Noticed a cyclops
  1344 | D        | Gained Ognian as an ally
  1349 | D        | Killed a sea snake
  1351 | D        | Killed a lindwurm
  1351 | D        | Reached XP level 11. HP: 72/108 MP: 17/21
  1361 | D        | Reached skill level 15 in Axes
  1369 | D        | Killed a cyclops
  1783 | D        | Noticed a cyclops
  1792 | D        | Killed a cyclops
  1925 | D        | Noticed an anaconda
  1929 | D        | Killed an anaconda
  1929 | D        | Reached skill level 15 in Invocations
  2039 | D        | Noticed a two-headed ogre
  2044 | D        | Killed a two-headed ogre
  2063 | D        | Noticed a necromancer
  2066 | D        | Noticed a deep troll
  2070 | D        | Killed a necromancer
  2075 | D        | Killed a deep troll
  2075 | D        | Reached skill level 15 in Fighting
  2240 | D        | Noticed an anaconda
  2241 | D        | Noticed an orc knight
  2241 | D        | Noticed an orc knight
  2241 | D        | Noticed an orc knight
  2241 | D        | Noticed an orc knight
  2242 | D        | Noticed an orc knight
  2242 | D        | Noticed an orc warlord
  2242 | D        | Noticed an orc knight
  2244 | D        | Noticed an orc knight
  2245 | D        | Noticed an orc warlord
  2245 | D        | Noticed an orc knight
  2245 | D        | Killed an anaconda
  2246 | D        | Noticed a six-headed hydra
  2248 | D        | Killed a six-headed hydra
  2249 | D        | Killed an orc warlord
  2250 | D        | Noticed a vault guard
  2251 | D        | Noticed an orc knight
  2251 | D        | Noticed a naga warrior
  2251 | D        | Killed an orc knight
  2252 | D        | Noticed a yaktaur captain
  2253 | D        | Killed an orc knight
  2253 | D        | Reached XP level 12. HP: 89/121 MP: 5/24
  2255 | D        | Noticed a hell beast
  2257 | D        | Noticed a vault guard
  2259 | D        | Noticed a deep elf knight
  2269 | D        | Killed a naga warrior
  2270 | D        | Killed a vault guard
  2274 | D        | Killed a deep elf knight
  2274 | D        | Reached skill level 15 in Shields
  2275 | D        | Killed a yaktaur captain
  2275 | D        | Reached skill level 15 in Armour
  2278 | D        | Killed a hell beast
  2282 | D        | Killed a vault guard
  2295 | D        | Noticed a naga warrior
  2296 | D        | Noticed a naga warrior
  2297 | D        | Noticed a spriggan defender
  2299 | D        | Noticed a deep elf blademaster
  2299 | D        | Noticed a naga warrior
  2303 | D        | Killed a deep elf blademaster
  2304 | D        | Killed a spriggan defender
  2308 | D        | Killed a naga warrior
  2309 | D        | Your ally Ognian died
  2311 | D        | Killed a naga warrior
  2314 | D        | Killed a naga warrior
  2479 | D        | Noticed a deep elf blademaster
  2479 | D        | Noticed a deep elf death mage
  2479 | D        | Noticed a catoblepas
  2483 | D        | Killed a catoblepas
  2493 | D        | Killed a deep elf blademaster
  2493 | D        | Reached XP level 13. HP: 105/132 MP: 1/26
  2494 | D        | Killed a deep elf death mage
  2763 | D        | Noticed a death cob
  2765 | D        | Noticed a daeva
  2765 | D        | Killed a death cob
  2783 | D        | Killed a daeva
  2806 | D        | Noticed an emperor scorpion
  2810 | D        | Killed from afar by a lindwurm

Vault maps used:
D:        pitsprint

Skill      XL: |  1  2  3  4  5  6  7  8  9 10 11 12 13 |
---------------+----------------------------------------+-----
Fighting       | 4 5 8 10 11 12 13 15 17 18 | 18.0
Axes           | 3 4 5 8 10 11 13 14 16 18 19 | 19.3
Armour         | 4 5 7 9 10 11 12 14 16 | 16.7
Shields        | 4 5 7 8 9 10 11 13 14 16 | 16.9
Invocations    | 2 3 7 8 10 11 12 14 16 18 19 | 19.0

Action                   |  1- 3 |  4- 6 |  7- 9 | 10-12 | 13-15 || total
-------------------------+-------+-------+-------+-------+-------++-------
Melee: War axe           |    38 |    29 |    70 |   116 |    45 ||   298
       Unarmed           |       |       |       |    20 |       ||    20
Invok: Smiting           |       |     2 |     9 |    27 |     2 ||    40
       Resurrection      |       |       |       |     4 |       ||     4
       Give Item to Name |       |       |       |     1 |       ||     1
  Use: Potion            |       |       |       |    28 |       ||    28
       Scroll            |       |       |       |    13 |     1 ||    14
 Stab: Distracted        |       |       |       |     6 |       ||     6
  Eat: Meat ration       |       |       |     1 |     2 |       ||     3
Armor: Scale mail        |    24 |       |       |       |       ||    24
       Chain mail        |       |    14 |    25 |    45 |     1 ||    85
       Skin              |       |       |       |     5 |       ||     5
       Plate armour      |       |       |       |       |    12 ||    12
Dodge: Dodged            |    18 |     2 |    32 |    63 |     6 ||   121
Block: Shield            |    22 |     7 |    34 |   115 |    33 ||   211

Table legend:
 A = Spawn XP
 B = Non-spawn XP
 C = Spawn XP percentage of total XP
 D = Spawn monster count
 E = Non-spawn monster count
 F = Spawn count percentage of total count
 G = Total turns spent on level
                    A         B        C        D         E        F      G
               +---------+---------+-------+---------+---------+-------+---------
         Total |       0 |   40083 |   0.0 |       0 |     116 |   0.0 |  2810
               +---------+---------+-------+---------+---------+-------+---------
             D |       0 |   40083 |   0.0 |       0 |     116 |   0.0 |  2810
               +---------+---------+-------+---------+---------+-------+---------
